 Dungeon Crawl Stone Soup version 0.28-a0-728-g0181a31188 (webtiles) character file.

Game seed: 16476412978625761803

361 MirrMurr the Covert (level 6, -6/28 HPs)
             Began as a Spriggan Enchanter on Oct 28, 2021.
             Mangled by an orc warrior (22 damage)
             ... on level 3 of the Dungeon.
             The game lasted 00:05:14 (4152 turns).

MirrMurr the Covert (Spriggan Enchanter)            Turns: 4152, Time: 00:05:15

Health: -6/28      AC:  2    Str:  6    XL:     6   Next: 38%
Magic:  8/11       EV: 17    Int: 17    God:
Gold:   96         SH:  0    Dex: 15    Spells: 6/11 levels left

rFire   . . .      SeeInvis +   a - +1 dagger
rCold   + . .      Faith    .   (shield restricted)
rNeg    . . .      Spirit   .   b - +0 robe
rPois   .          Reflect  .   (helmet restricted)
rElec   .          Harm     .   (no cloak)
rCorr   .          Rampage  .   (gloves unavailable)
Will    +....                   (boots unavailable)
Stlth   ++++......              (no amulet)
HPRegen 0.09/turn               e - ring of protection from cold
MPRegen 0.12/turn               (no ring)

@: very quick
A: very small, no large weapons, unfitting armour, see invisible, speed 3
a: no special abilities


You were on level 3 of the Dungeon.
You visited 1 branch of the dungeon, and saw 3 of its levels.

You collected 96 gold pieces.

Inventory:

Hand Weapons
 a - a +1 dagger (weapon)
Missiles
 g - 92 stones (quivered)
Armour
 b - a +0 robe (worn)
Jewellery
 e - a ring of protection from cold (left hand)
Scrolls
 f - a scroll of teleportation {unknown}
 h - a scroll of amnesia {unknown}
 i - 2 scrolls of fear {unknown}
 j - 3 scrolls of identify {unknown}
Potions
 c - a potion of invisibility
 d - a potion of degeneration {unknown}
 k - a potion of haste {unknown}
 l - a potion of berserk rage {unknown}
 m - a potion of curing {unknown}


   Skills:
 - Level 5.0 Short Blades
 - Level 2.6 Dodging
 - Level 8.0 Stealth
 + Level 3.1 Spellcasting
 * Level 4.2 Hexes


You had 6 spell levels left.
You knew the following spells:

 Your Spells              Type           Power      Damage    Failure   Level
a - Ensorcelled Hibernat  Hex/Ice        18%        N/A       11%         2
b - Confusing Touch       Hex            17%        N/A       9%          3

Your spell library contained the following spells:

 Spells                   Type           Power      Damage    Failure   Level
 Tukima's Dance           Hex            17%        N/A       9%          3
 Dazzling Flash           Conj/Hex       18%        N/A       22%         3
 Spider Form              Tmut/Pois      1%         N/A       45%         3


Dungeon Overview and Level Annotations

Branches:
Dungeon (3/15)

Altars:


Innate Abilities, Weirdness & Mutations

You are very small and have problems with some larger weapons.
You are too small for most types of armour.
You have supernaturally acute eyesight. (SInv)
You cover ground extremely quickly. (Speed+++)


Message History

There is a stone staircase leading down here.
You climb downwards.
The orc misses you. The orc hits you with a +0 short sword.
There is a stone staircase leading up here.
Casting: Ensorcelled Hibernation (safe; 11% risk of failure)
Confirm with . or Enter, or press ? or * to list all spells.
Aiming: Ensorcelled Hibernation (safe; 11% risk of failure)
Press: ? - help, Shift-Dir - straight line, f - orc
Aim: an orc, wielding a +0 short sword and wearing a +0 ring mail (chance to affect: 58%)
The orc resists with significant effort.
The orc closely misses you.
You hit the orc but do no damage. You hit the orc.
The orc is lightly wounded.
The orc hits you with a +0 short sword.
You hit the orc but do no damage.
The orc is lightly wounded.
The orc barely misses you.
You hit the orc.
The orc is moderately wounded.
You hit the orc but do no damage.
The orc is moderately wounded.
The orc hits you with a +0 short sword.
You hit the orc but do no damage.
The orc is moderately wounded.
The orc hits you with a +0 short sword.
Casting: Ensorcelled Hibernation (safe; 11% risk of failure)
Confirm with . or Enter, or press ? or * to list all spells.
Aiming: Ensorcelled Hibernation (safe; 11% risk of failure)
Press: ? - help, Shift-Dir - straight line, f/p - orc
Aim: an orc, wielding a +0 short sword and wearing a +0 ring mail (moderately wounded, chance to affect: 58%)
The orc looks drowsy...
The helpless orc fails to defend itself.
You stick the orc like a pincushion!!!
You kill the orc!
An orc warrior is nearby!
An orc warrior is nearby!
The orc warrior hits you with a +0 scimitar!!
Ouch! That really hurt!
You die...

#o##.##รท..=.##....#####.....#
##..).###..#....#..........###
#..#o..#...####.#.##...#...#
###..#.#.#.)......#.##.#.#...#
#.......o..###....#.##.#.#...#
##.#...#.###....)...##.#....>#
#.#.......#.##.<...##.#.###.#
#.#####.#.#.##......#.#.# +#
#.# #.....##@####.#.#.#
#.#####.#....o.####+#.#.#
#.......#####.....[...#.#
#######.# #.........#
#.#####.........#
#...............#
#################


You could see an orc warrior.

Vanquished Creatures
  Grinder (D:3)
  An orc priest (D:3)
  An orc wizard (D:2)
  4 gnolls (D:3)
  2 adders (D:2)
  2 dart slugs
  2 orcs
  5 bats
  4 endoplasms
  5 giant cockroaches
  8 hobgoblins
  2 jackals (D:1)
  7 kobolds
  3 quokkas
  A ball python (D:3)
  7 goblins
  8 rats
63 creatures vanquished.

Notes
Turn   | Place    | Note
-------+----------+-------------------------------------------
     0 | D:1      | MirrMurr the Spriggan Enchanter began the quest for the
                  | Orb.
     0 | D:1      | Reached XP level 1. HP: 9/9 MP: 5/5
   410 | D:1      | Reached XP level 2. HP: 13/13 MP: 6/6
   700 | D:1      | Reached skill level 5 in Stealth
  1014 | D:1      | Learned a level 2 spell: Ensorcelled Hibernation
  1666 | D:2      | Reached XP level 3. HP: 16/16 MP: 8/8
  1670 | D:2      | Learned a level 3 spell: Confusing Touch
  2366 | D:2      | Found a faded altar of an unknown god.
  2366 | D:2      | Noticed a soul eater
  2384 | D:2      | Reached skill level 6 in Stealth
  2673 | D:3      | Noticed Grinder
  2692 | D:3      | Killed Grinder
  2693 | D:3      | Reached skill level 7 in Stealth
  2693 | D:3      | Reached XP level 4. HP: 7/21 MP: 6/9
  2693 | D:3      | Reached XP level 5. HP: 8/24 MP: 6/10
  2971 | D:3      | Reached skill level 8 in Stealth
  2975 | D:3      | Reached XP level 6. HP: 28/28 MP: 4/11
  3424 | D:3      | Reached skill level 5 in Short Blades
  3782 | D:3      | Noticed an orc warrior
  4152 | D:3      | Mangled by an orc warrior

Illustrated notes

Levels and vault maps discovered:
D:1:      lemuel_arrival_river_ford, layout_basic
D:2:      layout_loops_cross, dreamdust_ecumenical_altar_sealed_demon
D:3:      layout_basic, uniq_grinder

Skill      XL: |  1  2  3  4  5  6 |
---------------+-------------------+-----
Stealth        | 5 7 8 |  8.0
Short Blades   | 2 4 5 |  5.0
Spellcasting   | 3 |  3.1
Hexes          | 4 |  4.2
Dodging        | |  2.6

Action                   |  1- 3 |  4- 6 || total
-------------------------+-------+-------++-------
Melee: Dagger            |   122 |    65 ||   187
 Cast: Ensorcelled Hiber |    16 |    21 ||    37
       Confusing Touch   |     1 |       ||     1
 Stab: Sleeping          |    20 |    15 ||    35
       Confused          |     2 |       ||     2
       Distracted        |       |     1 ||     1
Armor: Robe              |     4 |     5 ||     9
Dodge: Dodged            |    83 |    38 ||   121

Table legend: (Time is in decaauts)
 A = Elapsed time spent in this place.
 B = Non-inter-level travel time spent in this place.
 C = Inter-level travel time spent in this place.
 D = Time resting spent in this place.
 E = Time spent auto-exploring this place.
 F = Levels seen in this place.
 G = Mean time per level.
                   A        B        C        D        E       F      G
               +--------+--------+--------+--------+--------+-----+--------+
         Total |   3385 |   3325 |     60 |      0 |   2795 |   3 | 1128.3 |
       Dungeon |   3385 |   3325 |     60 |      0 |   2795 |   3 | 1128.3 |
               +--------+--------+--------+--------+--------+-----+--------+

Top non-repeatable levels by time:
     D:2: 1459 daAuts
     D:1: 1309 daAuts
     D:3: 617 daAuts
